 Dungeon Crawl Stone Soup version 0.26-a0-651-gb41185065b (webtiles) character file.

Game seed: 6332608059614927578

5572 Lanoc the Cleaver (level 10, -4/91 HPs)
             Began as a Hill Orc Chaos Knight on Oct 16, 2020.
             Was a Plaything of Xom.
             Slain by an apocalypse crab (11 damage)
             ... on level 9 of the Dungeon.
             The game lasted 00:13:05 (8107 turns).

Lanoc the Cleaver (Hill Orc Chaos Knight)           Turns: 8107, Time: 00:13:06

Health: -4/91      AC: 11    Str: 16      XL:     10   Next: 72%
Magic:  3/10       EV: 14    Int: 12      God:    Xom [.*....]
Gold:   402        SH:  0    Dex: 12 (13) Spells: 9/9 levels left

rFire    . . .     SeeInvis .   a - +0 hand axe (chaos)
rCold    . . .     Faith    .   (no shield)
rNeg     . . .     Spirit   .   b - +2 leather armour
rPois    +         Reflect  .   F - +0 helmet
rElec    .         Harm     .   q - +0 cloak
rCorr    .         Rampage  .   (no gloves)
MR       +....                  (no boots)
Stlth    +.........             o - amulet of regeneration
HPRegen  0.65/turn              p - ring of poison resistance
MPRegen  0.12/turn              h - ring of protection from magic

@: berserk cooldown, slightly contaminated, slowed, very slow
A: claws 1, iridescent scales 1, deterioration 1, mutation resistance 1,
screaming 1, shaggy fur 1, no potion heal 1
a: Renounce Religion


You were on level 9 of the Dungeon.
You worshipped Xom.
You were a plaything of Xom.
You visited 2 branches of the dungeon, and saw 10 of its levels.

You collected 534 gold pieces.
You spent 132 gold pieces at shops.

Inventory:

Hand Weapons
 a - a +0 hand axe of chaos (weapon)
Armour
 b - a +2 leather armour (worn)
 q - a +0 cloak (worn)
 F - a +0 helmet (worn)
Jewellery
 h - a ring of protection from magic (right claw)
 o - an amulet of regeneration (around neck)
 p - a ring of poison resistance (left claw)
 s - an uncursed amulet of the acrobat
 x - an uncursed ring of wizardry
 B - an uncursed ring of protection from fire
Wands
 y - a wand of polymorph (11)
 C - a wand of random effects (37)
 E - a wand of flame (6)
Scrolls
 c - a scroll of enchant armour {unknown}
 f - 10 scrolls of teleportation
 g - a scroll of random uselessness
 i - 2 scrolls of fear
 j - a scroll of immolation {unknown}
 k - a scroll of amnesia {unknown}
 m - 5 scrolls of identify {unknown}
 n - a scroll of fog {unknown}
 t - a scroll of acquirement {unknown}
 u - 5 scrolls of remove curse
 D - a scroll of summoning {unknown}
Potions
 d - 2 potions of lignification
 e - a potion of invisibility
 l - a potion of haste
 r - 2 potions of might
 z - a potion of brilliance {unknown}
 A - 2 potions of heal wounds {unknown}
 H - 2 potions of flight
Miscellaneous
 G - a phantom mirror


   Skills:
 + Level 9.1 Fighting
 * Level 13.0 Axes
 + Level 8.0 Armour
 + Level 5.8 Dodging


You had 9 spell levels left.
You didn't know any spells.
Your spell library was empty.

Dungeon Overview and Level Annotations

Branches:
Dungeon (9/15)             Temple (1/1) D:6            Lair (0/6) D:9
    Orc: D:9-12

Altars:
Cheibriados
Elyvilon
Fedhas
Gozag
Kikubaaqudgha
Makhleb
Nemelex Xobeh
Qazlal
Ru
Sif Muna
Uskayaw
Wu Jian
Xom
Yredelemnul
Zin

Shops:
D:4 =   D:7 ?

Annotations:
D:3 2 transporters
D:9 3 runed translucent doors, gbos's ghost, novice HOMo


Innate Abilities, Weirdness & Mutations

You have sharp fingernails.
You are partially covered in iridescent scales. (AC +2)
Your body sometimes deteriorates upon taking damage.
You are somewhat resistant to further mutation.
You occasionally shout uncontrollably at your foes.
You are covered in fur. (AC +1)
Potions are less effective at restoring your health.


Message History

* * * LOW HITPOINT WARNING * * *
You flicker back into view.
Your shadow imp barely misses something.
Something bites you!
* * * LOW HITPOINT WARNING * * *
Something shocks you!
* * * LOW HITPOINT WARNING * * *
Something completely misses you.
Your shadow imp hits something but does no damage.
You turn to flesh and can move again.
Unknown command.
Unknown command.
Your shadow imp hits something but does no damage.
Your system partially rejects the healing.
You feel better.
Your shadow imp disappears in a puff of smoke!
Something bites you.
* * * LOW HITPOINT WARNING * * *
Something shocks you!
You die...

##.......##
#######'##
#........###
#......)<.>.
#...).......
##.......##.
########.......##.
#.......>......###
#@##..#.....)..##.
#.###....####.....
#§##.[.### #.....
###....### #.....
###....### #..##>
###...#####○#
#..###
###t..###.HDRy#
#..##.
###.5.###..#
#..##.
###...####..#.#
#..#..


There were no monsters in sight!

Vanquished Creatures
  A two-headed ogre (D:8)
  Pikel (D:9)
  Psyche (D:9)
  Maurice (D:8)
  A yaktaur (shapeshifter) (D:8)
  A troll (D:9)
  Sigmund (D:2)
  Edmund (D:5)
  2 black bears
  2 orc warriors
  An eye of draining (D:9)
  An ice beast (D:5)
  3 phantoms (D:6)
  5 ogres
  7 centaurs
  A lemure (D:3)
  A bullfrog (D:6)
  3 scorpions
  2 howler monkeys
  A crimson imp (D:5)
  4 hounds
  A jelly (D:9)
  6 orc wizards
  2 orc priests
  2 iguanas
  3 worker ants
  A hound skeleton (D:5)
  A howler monkey zombie (D:7)
  A worker ant zombie (D:9)
  4 gnolls (D:6)
  10 adders
  2 shadow imps (D:6)
  2 white imps
  3 ufetubi
  3 oozes
  2 adder zombies
  5 worms
  2 dart slugs
  3 leopard geckos
  16 orcs
  7 bats
  6 giant cockroaches
  5 hobgoblins
  3 jackals
  3 kobolds
  6 quokkas
  A ball python (D:1)
  3 goblins
  2 leopard gecko skeletons
  A leopard gecko zombie (D:7)
  4 rats
151 creatures vanquished.

Vanquished Creatures (collateral kills)
  Duvessa (D:4)
  An orc warrior (D:7)
  A bullfrog (D:4)
  Dowan (D:4)
  2 orc wizards (D:7)
6 creatures vanquished.

Vanquished Creatures (others)
  3 fungi (D:9)
  3 plants
6 creatures vanquished.

Grand Total: 163 creatures vanquished

Notes
Turn   | Place    | Note
-------+----------+-------------------------------------------
     0 | D:1      | Lanoc the Hill Orc Chaos Knight began the quest for the
                  | Orb.
     0 | D:1      | Reached XP level 1. HP: 19/19 MP: 1/1
    90 | D:1      | Reached skill level 1 in Dodging
    90 | D:1      | Reached XP level 2. HP: 27/27 MP: 2/2
   263 | D:2      | Reached XP level 3. HP: 33/33 MP: 3/3
   309 | D:2      | Noticed Sigmund
   320 | D:2      | Killed Sigmund
   320 | D:2      | Reached skill level 6 in Axes
   320 | D:2      | Reached XP level 4. HP: 39/41 MP: 4/4
   320 | D:2      | Reached XP level 5. HP: 45/47 MP: 5/5
   634 | D:3      | XOM: potion effect (might)
   636 | D:3      | Reached XP level 6. HP: 37/53 MP: 6/6
   750 | D:3      | Noticed Grinder
   770 | D:3      | XOM: potion effect (brilliance)
   841 | D:3      | XOM: cloud trail
   975 | D:3      | Found a transporter.
   981 | D:3      | XOM: confuse monster(s)
  1157 | D:3      | Found a transporter.
  1179 | D:3      | Found a blossoming altar of Fedhas.
  1205 | D:3      | XOM: god gift: 11 gold pieces
  1248 | D:3      | XOM: god gift: scroll labeled XONOCU YDULUGO {god gift}
  1250 | D:3      | Found a sparkling altar of Nemelex Xobeh.
  1252 | D:3      | Found a shimmering altar of Xom.
  1252 | D:3      | Found a blossoming altar of Fedhas.
  1254 | D:3      | Found an ancient bone altar of Kikubaaqudgha.
  1254 | D:3      | Found a basalt altar of Yredelemnul.
  1254 | D:3      | Found a hide-covered altar of Uskayaw.
  1375 | D:3      | Noticed Grinder
  1375 | D:3      | Grinder changed into Grinder the lemure
  1375 | D:3      | XOM: polymorph Grinder -> Grinder the lemure
  1380 | D:3      | Killed Grinder the lemure
  1380 | D:3      | Reached skill level 5 in Fighting
  1441 | D:3      | XOM: scenery: summon butterflies
  1493 | D:3      | XOM: noise
  1580 | D:3      | XOM: give mutation
  1580 | D:3      | Gained mutation: You are partially covered in iridescent
                  | scales. (AC +2) [Xom's mischief]
  1609 | D:3      | XOM: summons 1 hostile shadow creature
  1641 | D:4      | Noticed Duvessa
  1642 | D:4      | Noticed Dowan
  1646 | D:4      | XOM: confuse monster(s)
  1650 | D:4      | Killed Dowan
  1652 | D:4      | Killed Duvessa
  1655 | D:4      | Reached skill level 7 in Axes
  1655 | D:4      | Reached XP level 7. HP: 32/61 MP: 7/7
  1805 | D:4      | XOM: give mutations
  1805 | D:4      | Gained mutation: You are robust. (+10% HP) [Xom's mischief]
  1805 | D:4      | Gained mutation: Your body sometimes deteriorates upon
                  | taking damage. [Xom's mischief]
  1805 | D:4      | Gained mutation: You occasionally shout uncontrollably at
                  | your foes. [Xom's mischief]
  2034 | D:4      | Found Gilov's Jewellery Shop.
  2970 | D:5      | XOM: noise
  2970 | D:5      | Entered Level 5 of the Dungeon
  3014 | D:5      | Noticed Edmund
  3022 | D:5      | XOM: potion effect (brilliance)
  3029 | D:5      | Killed Edmund
  3029 | D:5      | Reached skill level 8 in Axes
  3042 | D:5      | XOM: 1-stop teleportation journey
  3093 | D:5      | XOM: smoke on damage
  3187 | D:5      | Reached XP level 8. HP: 75/77 MP: 8/8
  3320 | D:5      | Reached skill level 5 in Armour
  3328 | D:5      | XOM: summons 3 hostile demons
  3482 | D:5      | Found a glowing silver altar of Zin.
  3482 | D:5      | Noticed an angel
  3757 | D:5      | XOM: scenery: 1 doors open, 1 doors close
  3895 | D:5      | Found a snail-covered altar of Cheibriados.
  3899 | D:5      | Found a sacrificial altar of Ru.
  3905 | D:5      | Found a shimmering altar of Xom.
  4028 | D:6      | XOM: noise
  4049 | D:6      | Reached skill level 9 in Axes
  4305 | D:6      | XOM: noise
  4413 | D:6      | XOM: give mutations
  4413 | D:6      | Gained mutation: You are somewhat resistant to further
                  | mutation. [Xom's grace]
  4413 | D:6      | Gained mutation: You are covered in fur. (AC +1) [Xom's
                  | grace]
  4413 | D:6      | Gained mutation: Your muscles are strong. (Str +2) [Xom's
                  | grace]
  4413 | D:6      | Gained mutation: You have sharp fingernails. [Xom's grace]
  4434 | D:6      | XOM: scenery: summon butterflies
  4633 | D:6      | XOM: cleaving
  4708 | D:6      | XOM: fake destruction
  4713 | D:6      | Reached skill level 10 in Axes
  4713 | D:6      | Reached XP level 9. HP: 40/86 MP: 9/9
  4733 | D:6      | XOM: confuse monster(s)
  4835 | D:6      | Found a staircase to the Ecumenical Temple.
  5301 | D:7      | XOM: stealth player
  5332 | Temple   | Entered the Ecumenical Temple
  5478 | D:7      | Found Myikeel's Magic Scroll Emporium.
  5493 | D:7      | Bought a scroll of teleportation for 33 gold pieces
  5493 | D:7      | Bought a scroll of teleportation for 33 gold pieces
  5493 | D:7      | Bought a scroll of teleportation for 33 gold pieces
  5493 | D:7      | Bought a scroll of teleportation for 33 gold pieces
  5521 | D:7      | XOM: cast spell 'Summon Mana Viper'
  5602 | D:7      | XOM: summons friendly ufetubus
  5627 | D:7      | XOM: cloud trail
  5683 | D:7      | Found a shimmering blue altar of Sif Muna.
  5691 | D:7      | Found an ornate altar of the Wu Jian Council.
  5698 | D:7      | Found a stormy altar of Qazlal.
  5853 | D:7      | XOM: scenery: summon butterflies
  6146 | D:8      | XOM: confuse monster(s)
  6151 | D:8      | Noticed Maurice
  6163 | D:8      | Reached skill level 11 in Axes
  6210 | D:8      | Killed Maurice
  6347 | D:8      | Found a glowing silver altar of Zin.
  6370 | D:8      | Found a white marble altar of Elyvilon.
  6432 | D:8      | XOM: 10-stop teleportation journey
  6467 | D:8      | Noticed a two-headed ogre
  6473 | D:8      | XOM: enchant monster (bad)
  6483 | D:8      | XOM: potion effect (heal wounds)
  6504 | D:8      | XOM: noise
  6523 | D:8      | XOM: potion effect (brilliance)
  6525 | D:8      | Killed a two-headed ogre
  6525 | D:8      | Reached skill level 12 in Axes
  6525 | D:8      | Reached skill level 5 in Dodging
  6525 | D:8      | Reached XP level 10. HP: 54/99 MP: 10/10
  6628 | D:8      | XOM: silly message
  6648 | D:8      | Found a burning altar of Makhleb.
  6975 | D:9      | Noticed Psyche
  6988 | D:9      | XOM: enchant monster (bad)
  6988 | D:9      | Noticed Pikel
  6991 | D:9      | Killed Psyche
  6994 | D:9      | XOM: confuse monster(s)
  7007 | D:9      | Killed Pikel
  7057 | D:9      | XOM: silly message
  7127 | D:9      | Found a runed translucent gate.
  7127 | D:9      | Found a runed translucent gate.
  7127 | D:9      | Found a runed translucent gate.
  7128 | D:9      | Noticed a kobold demonologist
  7129 | D:9      | Noticed a kobold demonologist
  7130 | D:9      | Found an opulent altar of Gozag.
  7130 | D:9      | XOM: 2-stop teleportation journey
  7171 | D:9      | Noticed gbos's ghost (novice HOMo)
  7176 | D:9      | Identified the +11 whip of the Vestibule of Hell {chaos,
                  | rF+ Dex+2 SInv}
  7194 | D:9      | Noticed a kobold demonologist
  7268 | D:9      | XOM: give mutations
  7268 | D:9      | Lost mutation: You are robust. (+10% HP) [Xom's mischief]
  7268 | D:9      | Lost mutation: Your muscles are strong. (Str +2) [Xom's
                  | mischief]
  7268 | D:9      | Gained mutation: Potions are less effective at restoring
                  | your health. [Xom's mischief]
  7455 | D:9      | XOM: cleaving
  7648 | D:9      | Reached skill level 13 in Axes
  7725 | D:9      | Found a staircase to the Lair.
  7905 | D:9      | Noticed a manticore
  7909 | D:9      | Noticed a seven-headed hydra
  7913 | D:9      | Identified the ring "Nazutt" {rN+ Str+6 Int+4}
  8050 | D:9      | Identified the amulet of Dawn {RegenMP +Blink rElec Stlth+}
  8076 | D:9      | XOM: confusion
  8077 | D:9      | XOM: summons 3 friendly demons
  8078 | D:9      | Noticed an apocalypse crab
  8078 | D:9      | an efreet changed into an apocalypse crab
  8078 | D:9      | XOM: polymorph efreet -> apocalypse crab
  8091 | D:9      | XOM: torment (41/136 hp)
  8105 | D:9      | HP: 4/91 [something (4)]
  8107 | D:9      | Slain by an apocalypse crab

Illustrated notes

Levels and vault maps discovered:
D:1:      dpeg_chamrin_arrival_tetris, layout_loops_corners, minmay_box_of_dots
D:2:      layout_loops_ring, uniq_sigmund
D:3:      layout_rooms, gammafunk_temple_overflow_arena, doesnt_xom_only_xom,
          uniq_grinder
D:4:      layout_basic, serial_shops, shop, minmay_bent, uniq_duvessa
D:5:      layout_basic, minmay_overflow_temple_star_quad, zin_angel, uniq_edmund
D:6:      layout_basic, minmay_temple_entry_nine_rooms, minmay_misc_feat_room
D:7:      layout_loops_ring, gammafunk_temple_overflow_forgotten, serial_shops,
          nicolae_shop_waterfront
D:8:      layout_cave_pools, makhleb_heckhound_becter, lemuel_doored_altar,
          basic_altar, hangedman_decor_opposing, uniq_maurice
D:9:      minmay_the_grid_triangle_9x9_rhombus_thin
          [minmay_the_grid_triangle_9x9_checkered,
          minmay_the_grid_triangle_9x9_prize_special,
          minmay_the_grid_triangle_9x9_limited_checkers,
          minmay_the_grid_triangle_9x9_odd_lines], layout_gridville,
          lair_entry_dummy, gammafunk_ghost_nasty_kobolds, basic_altar,
          uniq_psyche, uniq_pikel
Temple:   minmay_temple_bridge_abc

Skill      XL: |  1  2  3  4  5  6  7  8  9 10 |
---------------+-------------------------------+-----
Dodging        | 1 2 3 4 5 |  5.8
Fighting       | 4 5 7 8 9 |  9.1
Axes           | 6 7 8 10 12 13 | 13.0
Armour         | 3 4 5 7 8 |  8.0

Action                   |  1- 3 |  4- 6 |  7- 9 | 10-12 || total
-------------------------+-------+-------+-------+-------++-------
Melee: Hand axe          |    40 |   148 |   475 |   186 ||   849
Throw: Dart              |       |       |     5 |     7 ||    12
  Use: Scroll            |       |     2 |       |     3 ||     5
       Potion            |       |     1 |     7 |     2 ||    10
 Stab: Paralysed         |       |     1 |     9 |     1 ||    11
       Confused          |       |       |     5 |     1 ||     6
       Petrifying        |       |       |     2 |       ||     2
       Petrified         |       |       |     2 |       ||     2
Armor: Leather armour    |     9 |    63 |   142 |    45 ||   259
Dodge: Dodged            |    19 |    95 |   265 |   105 ||   484

Table legend: (Time is in decaauts)
 A = Elapsed time spent in this place.
 B = Non-inter-level travel time spent in this place.
 C = Inter-level travel time spent in this place.
 D = Time resting spent in this place.
 E = Time spent auto-exploring this place.
 F = Levels seen in this place.
 G = Mean time per level.
                   A        B        C        D        E       F      G
               +--------+--------+--------+--------+--------+-----+--------+
         Total |   7937 |   7661 |    276 |    251 |   5926 |  10 |  793.7 |
       Dungeon |   7935 |   7659 |    276 |    251 |   5926 |   9 |  881.7 |
        Temple |      1 |      1 |      0 |      0 |      0 |   1 |    1.0 |
               +--------+--------+--------+--------+--------+-----+--------+

Top non-repeatable levels by time:
     D:4: 1329 daAuts
     D:6: 1186 daAuts
     D:5: 1147 daAuts
     D:9: 1079 daAuts
     D:3: 1007 daAuts
     D:8: 781 daAuts
     D:7: 774 daAuts
     D:2: 382 daAuts
     D:1: 246 daAuts
  Temple: 1 daAuts
